Replay - MarineLorD v Nerchio: Game 1 - New Gettysburg LE

Build Order

Get SALT Encoding   

  12  0:00  SCV  
  13  0:12  SCV  
  14  0:18  Supply Depot  
  14  0:25  SCV  
  15  0:40  SCV  
  15  0:42  Barracks  
  16  0:45  Refinery  
  16  0:52  SCV  
  17  1:04  SCV  
  18  1:16  SCV  
  19  1:28  Orbital Command  
  19  1:30  Reaper  
  20  1:43  Command Center  
  20  1:53  Supply Depot  
  20  1:54  SCV  
  21  2:01  Marine  
  21  2:06  SCV  
  23  2:09  Factory  
  23  2:18  SCV  
  23  2:22  Barracks Reactor  
  24  2:30  SCV  
  25  2:42  SCV  
  26  2:47  Command Center  
  26  2:54  SCV  
  26  2:56  Orbital Command  
  27  3:06  Hellion x2, Barracks Tech Lab  
  27  3:09  SCV  
  32  3:21  SCV  
  32  3:23  SCV  
  32  3:25  Marine  
  32  3:26  Stimpack  
  35  3:35  Factory Reactor  
  35  3:36  Barracks  
  35  3:37  Barracks  
  35  3:38  SCV  
  35  3:39  SCV  
  37  3:49  Marauder, Supply Depot  
  37  3:50  SCV  
  37  3:51  SCV  
  37  3:53  Refinery  
  41  4:02  SCV  
  42  4:03  SCV  
  42  4:06  Orbital Command  
  43  4:14  SCV, Engineering Bay x2  
  43  4:15  SCV  
  45  4:19  Marine  
  46  4:27  SCV  
  46  4:29  SCV  
  46  4:30  Starport  
  48  4:32  Factory Reactor, Refinery  
  48  4:33  SCV  
  48  4:38  Marine  
  50  4:39  SCV, Marine  
  50  4:42  Marine, Refinery  
  50  4:44  Marine  
  54  4:45  Marine  
  54  4:48  SCV  
  56  4:53  SCV  
  56  4:58  Terran Infantry Weapons Level 1  
  56  5:00  SCV, Terran Infantry Armor Level 1, Orbital Command  
  56  5:05  SCV  
  56  5:06  Marauder, Marine x2  
  56  5:07  Marine, Supply Depot  
  60  5:09  Marine  
  60  5:12  SCV  
  63  5:17  SCV  
  64  5:21  Supply Depot  
  64  5:23  Factory Tech Lab, Medivac  
  64  5:24  SCV  
  64  5:26  Marine x2  
  69  5:29  Marine x2, Medivac  
  69  5:31  SCV x2  
  69  5:32  Supply Depot  
  75  5:36  Combat Shields, Marine  
  76  5:43  SCV, Marine x2  
  76  5:44  SCV x2  
  76  5:47  Siege Tank  
  76  5:48  Supply Depot  
  84  5:55  Supply Depot  
  84  5:56  SCV x2, Marine x2  
  88  5:57  Marine  
  88  5:59  Medivac  
  88  6:01  Marine  
  88  6:03  SCV  
  93  6:10  SCV x2, Marine  
  96  6:14  Marine  
  96  6:15  SCV  
  97  6:19  Bunker  
  97  6:22  SCV, Supply Depot x2  
  97  6:24  Supply Depot, Siege Tank  
  101  6:27  Supply Depot  
  101  6:28  SCV  
  101  6:29  SCV, Armory  
  101  6:31  Refinery  
  103  6:32  Medivac  
  103  6:34  SCV  
  103  6:36  Marine x3  
  109  6:43  SCV, Marine x2, Medivac  
  109  6:46  SCV  
  115  6:54  Marine x3  
  117  6:58  SCV  
Spawning Tool Build Advisor. Get it on Overwolf

Go to:

Details

  • Created by: Phantae
  • Published on: Jul 22, 2016
  • Modified on: Jul 22, 2016
  • Patch: Pre-3.8.0
Show
View Real Time Build Order
Export as new Build Order

Comments (0)

There are no comments. Be the first!

Create an account to comment!